Map: Bridgehead LE (Void)

Players

wabbajack - Winner!

  • Race: Zerg Zerg
  • League: Gold

VOD

Have the link to the VOD?

Description

Time

  • Played on: July 21, 2015, 12:26 p.m.
  • Length: 4:32
Show
View Real Time Build Order
Export as new Build Order

wabbajack Zerg - Winner!

Build Orders: Hatch First 

Get SALT Encoding   

  12  0:02  Drone  
  12  0:15  Overlord  
  12  0:19  Drone  
  12  0:23  Extractor  
  12  0:24  Drone  
  12  0:36  Drone  
  12  0:38  Drone  
  12  0:55  Hatchery  
  12  0:58  Drone  
  12  1:00  Drone  
  12  1:02  Extractor  
  12  1:14  Drone  
  12  1:19  Spawning Pool  
  12  1:30  Drone  
  12  1:32  Drone  
  12  1:44  Drone  
  12  1:53  Overlord  
  12  2:06  Queen  
  12  2:09  Queen  
  12  2:10  Roach Warren  
  12  2:13  Drone  
  12  2:14  Drone  
  12  2:17  Drone  
  12  2:21  Drone  
  12  2:26  Drone  
  12  2:32  Overlord  
  12  2:37  Overlord  
  12  2:50  Roach  
  12  2:53  Roach  
  12  2:59  Roach x2  
  12  3:05  Overlord  
  12  3:11  Roach  
  12  3:19  Roach x4  
  12  3:28  Roach  
  12  3:29  Roach  
  12  3:30  Roach  
  12  3:39  Zergling x2  
  12  3:40  Zergling x6  
  12  4:04  Zergling x8  
  12  4:10  Overlord x2  
Tags
 
Add a new tag
Caveats
  • Supply blocks, unpowered buildings, or Contaminate may cause inaccurate times.
  • Supply counts are checked every 10 seconds.